 Dungeon Crawl Stone Soup version 0.23.2-1-ga50397a (webtiles) character file.

Game seed: 12366861011368068728

2637 whitewolfNL the Basher (level 9, -1/82 HPs)
             Began as a Minotaur Berserker on May 27, 2019.
             Was an Elder of Trog.
             Killed from afar by an electric eel (9 damage)
             ... with a bolt of electricity
             ... on level 8 of the Dungeon.
             The game lasted 00:21:42 (7828 turns).

whitewolfNL the Basher (Minotaur Berserker)         Turns: 7828, Time: 00:21:44

Health: -1/82      AC:  0    Str: 27    XL:     9   Next: 35%
Magic:  10/10      EV: 10    Int:  4    God:    Trog [****..]
Gold:   243        SH: 10    Dex: 12    Spells: 8/8 levels left

rFire    . . .     SeeInvis .   O - -3 morningstar (curse)
rCold    . . .     Gourm    .   D - +0 shield
rNeg     . . .     Faith    .   (no armour)
rPois    .         Spirit   .   (helmet restricted)
rElec    .         Reflect  .   (no cloak)
rCorr    .         Harm     .   (no gloves)
MR       +....                  (no boots)
Stlth    +.........             (no amulet)
HPRegen  0.23/turn              d - ring of protection from magic
MPRegen  0.12/turn              E - +4 ring of strength

@: berserk cooldown, slowed, very slow
A: retaliatory headbutt, horns 2
a: Berserk, Trog's Hand, Brothers in Arms, Renounce Religion


You were on level 8 of the Dungeon.
You worshipped Trog.
Trog was greatly pleased with you.
You were hungry.

You visited 2 branches of the dungeon, and saw 9 of its levels.

You collected 342 gold pieces.
You spent 99 gold pieces at shops.

Inventory:

Hand Weapons
 o - the +0 dagger of the Traitor {flame, +Rage Str-5 Dex+3}
   (You found it on level 4 of the Dungeon)

   It has been specially enchanted to burn those struck by it, causing extra
   injury to most foes and up to half again as much damage against particularly
   susceptible opponents.
   It affects your strength (-5).
   It affects your dexterity (+3).
   It lets you go berserk.
 w - a +0 hunting sling
 A - a +0 flail
 O - a cursed -3 morningstar (weapon)
Missiles
 a - 11 arrows
 l - 41 bolts
 p - 185 stones (quivered)
 t - 4 tomahawks of returning
 v - 13 poisoned needles
Armour
 b - a +0 chain mail
 D - a +0 shield (worn)
 J - a +0 plate armour
Jewellery
 d - a ring of protection from magic (left hand)
 e - an uncursed ring of see invisible
 s - an uncursed ring of protection from fire
 E - a +4 ring of strength (right hand)
 H - an uncursed ring of flight
Wands
 y - a wand of flame (34)
 F - a wand of iceblast (10)
 K - a wand of polymorph (12)
Scrolls
 f - 5 scrolls of teleportation
 g - 3 scrolls of enchant armour
 i - 4 scrolls of identify
 k - 2 scrolls of enchant weapon
 n - 2 scrolls of magic mapping
 r - 2 scrolls of remove curse
 u - a scroll of immolation {unknown}
 C - a scroll of random uselessness {unknown}
 M - a scroll of blinking {unknown}
 N - a scroll of amnesia {unknown}
Potions
 h - 3 potions of curing
 j - a potion of might {unknown}
 m - 3 potions of lignification
 x - a potion of flight {unknown}
 z - 2 potions of magic {unknown}
 B - 2 potions of agility
 G - a potion of haste {unknown}
 I - 3 potions of berserk rage
Comestibles
 c - 20 rations
 q - a chunk of flesh


   Skills:
 + Level 8.7 Fighting
 * Level 11.5 Maces & Flails
 - Level 2.4 Armour
 - Level 2.1 Dodging
 - Level 4.0 Shields
 + Level 3.9 Evocations


You had 8 spell levels left.
You didn't know any spells.
Your spell library was empty.

Dungeon Overview and Level Annotations

Branches:
Dungeon (8/15)             Temple (1/1) D:6
   Lair: D:8-11

Altars:
Ashenzari
Cheibriados
Dithmenos
Elyvilon
Fedhas
Gozag
Hepliaklqana
Kikubaaqudgha
Makhleb
Nemelex Xobeh
Okawaru
Qazlal
Ru
Sif Muna
Trog
Uskayaw
Vehumet
Wu Jian
Xom
Yredelemnul
Zin
The Shining One

Shops:
D:5 (   D:6 (   D:7 *


Innate Abilities, Weirdness & Mutations

You reflexively headbutt those who attack you in melee.
You have a pair of horns on your head.


Message History

The bolt of electricity hits you!
The electric eel shoots out a bolt of lightning at you!
The bolt of electricity hits you!
The electric eel shoots out a bolt of lightning at you!
The bolt of electricity hits you! x2
* * * LOW HITPOINT WARNING * * *
The electric eel shoots out a bolt of lightning at you!
The bolt of electricity hits you!
* * * LOW HITPOINT WARNING * * *
The electric eel shoots out a bolt of lightning at you!
The bolt of electricity hits you!
* * * LOW HITPOINT WARNING * * *
You hear a shout!
You feel better.
The electric eel shoots out a bolt of lightning at you!
The bolt of electricity hits the electric eel.
The electric eel completely resists.
The bolt of electricity misses you.
The electric eel shoots out a bolt of lightning at you!
The bolt of electricity hits you!
You die...

.#.....####..###........
###....# .#.....#
##...#........##......#
##.....# ###...###.#
##..!....# #......#
###..#..###.÷##....#
#......#
##...###...#######
....#### #..##...###
#.### ##### #..#...## ##
...####.Y.###.....##
.[..YY(.#.YY@....########
..:.....Y.Y..............
#..#####....#...#..######
#.#.....###..# #.#$#...#
#.# .......;;≈ ≈..
##.≈..≈.;≈≈ ≈≈..
#..)..≈≈≈;≈ ≈≈≈..
#...≈≈≈≈≈≈ ≈≈≈.≈


You could see 5 yaks and 4 electric eels.

Vanquished Creatures
  Grinder (D:6)
  A spriggan (D:7)
  Sigmund (D:2)
  Duvessa (D:7)
  A black bear (D:7)
  An orc warrior (D:7)
  An ice beast (D:6)
  A centaur (D:5)
  An eye of draining (D:7)
  A wolf (D:8)
  3 bullfrogs
  Dowan (D:7)
  A water moccasin zombie (D:6)
  A water moccasin skeleton (D:8)
  A scorpion (D:7)
  A howler monkey (D:7)
  5 crimson imps
  A jelly (D:7)
  A centaur zombie (D:7)
  5 hounds
  A bullfrog skeleton (D:6)
  3 iguanas
  6 orc wizards
  2 worker ants
  A hound zombie (D:7)
  A hound skeleton (D:4)
  Robin (D:3)
  11 gnolls
  A howler monkey skeleton (D:5)
  11 adders
  2 oozes
  An adder zombie (D:7)
  A worm (D:2)
  2 dart slugs
  5 leopard geckos
  16 orcs
  A giant cockroach (D:4)
  14 goblins
  10 hobgoblins
  14 jackals
  4 kobolds
  A quokka (D:4)
  2 ball pythons (D:1)
  9 bats
  5 frilled lizards
  A leopard gecko zombie (D:6)
  5 rats
161 creatures vanquished.

Notes
Turn   | Place    | Note
-------+----------+-------------------------------------------
     0 | D:1      | whitewolfNL the Minotaur Berserker began the quest for the
                  | Orb.
     0 | D:1      | Reached XP level 1. HP: 19/19 MP: 0/0
    21 | D:1      | Reached skill level 4 in Maces & Flails
    21 | D:1      | Reached XP level 2. HP: 19/27 MP: 1/1
   331 | D:1      | Reached XP level 3. HP: 26/33 MP: 2/2
   656 | D:1      | Reached ** piety under Trog
   845 | D:2      | Reached skill level 5 in Maces & Flails
  1050 | D:2      | Reached XP level 4. HP: 25/41 MP: 3/3
  1463 | D:2      | Noticed Sigmund
  1470 | D:2      | Killed Sigmund
  1470 | D:2      | Reached skill level 5 in Fighting
  1470 | D:2      | Reached skill level 6 in Maces & Flails
  1470 | D:2      | Reached XP level 5. HP: 48/48 MP: 4/4
  1938 | D:3      | Reached skill level 7 in Maces & Flails
  1938 | D:3      | Reached XP level 6. HP: 56/56 MP: 5/5
  2108 | D:3      | Noticed Robin
  2115 | D:3      | Killed Robin
  2178 | D:3      | Reached *** piety under Trog
  2606 | D:4      | Reached skill level 8 in Maces & Flails
  3140 | D:4      | Reached XP level 7. HP: 63/63 MP: 6/6
  3261 | D:4      | Got a bloodstained dagger
  3540 | D:4      | Identified the +0 dagger of the Traitor {flame, +Rage Str-5
                  | Dex+3} (You found it on level 4 of the Dungeon)
  3545 | D:5      | Entered Level 5 of the Dungeon
  3937 | D:5      | Reached skill level 9 in Maces & Flails
  3999 | D:5      | Found Fetal's Weapon Emporium.
  4286 | D:5      | Reached **** piety under Trog
  4286 | D:5      | Reached skill level 1 in Shields
  4403 | D:6      | Noticed Grinder
  4418 | D:6      | Killed Grinder
  4418 | D:6      | Reached skill level 1 in Evocations
  4418 | D:6      | Reached XP level 8. HP: 62/73 MP: 6/8
  5013 | D:6      | Found Kiom's Antique Weapon Emporium.
  5071 | D:6      | Found a staircase to the Ecumenical Temple.
  5078 | Temple   | Entered the Ecumenical Temple
  5591 | D:6      | Reached skill level 10 in Maces & Flails
  5909 | D:7      | Noticed Dowan
  5919 | D:7      | Noticed Duvessa
  5932 | D:7      | Killed Duvessa
  5937 | D:7      | Killed Dowan
  6104 | D:7      | Found a glowing silver altar of Zin.
  6614 | D:7      | Reached XP level 9. HP: 81/81 MP: 10/10
  6682 | D:7      | Reached skill level 11 in Maces & Flails
  6990 | D:7      | Found Opnytouf's General Store.
  7005 | D:7      | Bought a potion of agility for 44 gold pieces
  7005 | D:7      | Bought a scroll of teleportation for 33 gold pieces
  7005 | D:7      | Bought a scroll of identify for 22 gold pieces
  7827 | D:8      | HP: 2/82 [electric eel/bolt of electricity (11)]
  7828 | D:8      | Killed from afar by an electric eel

Skill      XL: |  1  2  3  4  5  6  7  8  9 |
---------------+----------------------------+-----
Maces & Flails | 4 5 6 7 8 9 10 11 | 11.5
Fighting       | 4 5 6 7 8 |  8.7
Shields        | 2 4 |  4.0
Evocations     | 1 3 |  3.9
Armour         | |  2.4
Dodging        | |  2.1

Action                   |  1- 3 |  4- 6 |  7- 9 || total
-------------------------+-------+-------+-------++-------
Melee: Mace              |    63 |    88 |       ||   151
       Headbutt          |     8 |    23 |    44 ||    75
       Flail             |       |    53 |   220 ||   273
       Morningstar       |       |       |     6 ||     6
Invok: Berserk           |     2 |     8 |     6 ||    16
  Use: Scroll            |       |       |     8 ||     8
       Potion            |       |       |     1 ||     1
 Stab: Sleeping          |     1 |     1 |     1 ||     3
  Eat: Chunk             |     1 |    14 |    21 ||    36
Armor: Animal skin       |    21 |    14 |       ||    35
       Ring mail         |       |    18 |     4 ||    22
       Chain mail        |       |       |    34 ||    34
       Plate armour      |       |       |     2 ||     2
Dodge: Dodged            |    52 |    81 |    94 ||   227
Block: Shield            |       |       |     5 ||     5
